% Time on Ice - CALGARY FIREMEN
Lines # - Real PCT - Wanted PCT - Time Play
Normal Forward
1 - 32% - 33% - 15:56
2 - 31% - 32% - 15:42
3 - 24% - 25% - 11:49
4 - 13% - 10% - 6:38
Normal Defense
1 - 31% - 33% - 15:17
2 - 30% - 32% - 14:51
3 - 32% - 25% - 15:53
4 - 8% - 10% - 4:04
PP Forward
1 - 49% - 50% - 3:52
2 - 51% - 50% - 4:04
PP Defense
1 - 54% - 50% - 4:19
2 - 46% - 50% - 3:37
PK Forward
1 - 52% - 50% - 1:02
2 - 48% - 50% - 0:57
PK Defense
1 - 34% - 70% - 0:40
2 - 66% - 30% - 1:19
PK3 Forward
1 - 0% - 50%
2 - 0% - 50%
PK3 Defense
1 - 0% - 50%
2 - 0% - 50%
44 Forward
1 - 0% - 50%
2 - 0% - 50%
44 Defense
1 - 0% - 50%
2 - 0% - 50%
Last Minute Offensive  - 0:00
Last Minute Defensive  - 0:00
Total
Forward - 60:00
Defense - 60:00
% Time on Ice - SALEM BLACK JAYS
Lines # - Real PCT - Wanted PCT - Time Play
Normal Forward
1 - 38% - 33% - 18:59
2 - 24% - 32% - 11:54
3 - 17% - 25% - 8:26
4 - 21% - 10% - 10:46
Normal Defense
1 - 36% - 36% - 17:47
2 - 29% - 31% - 14:31
3 - 27% - 23% - 13:21
4 - 9% - 10% - 4:26
PP Forward
1 - 28% - 55% - 0:33
2 - 72% - 45% - 1:26
PP Defense
1 - 65% - 55% - 1:17
2 - 35% - 45% - 0:42
PK Forward
1 - 58% - 55% - 4:34
2 - 42% - 45% - 3:22
PK Defense
1 - 47% - 55% - 3:45
2 - 53% - 45% - 4:11
PK3 Forward
1 - 0% - 55%
2 - 0% - 45%
PK3 Defense
1 - 0% - 55%
2 - 0% - 45%
44 Forward
1 - 0% - 55%
2 - 0% - 45%
44 Defense
1 - 0% - 55%
2 - 0% - 45%
Last Minute Offensive  - 0:00
Last Minute Defensive  - 0:00
Total
Forward - 60:00
Defense - 60:00
Play-by-Play 1st period 0:01 of 1st period - Ryan Johansen wins face-off versus Mathew Barzal in neutral zone. 1:26 of 1st period - Shot by Evgeny Dadonov. 1:26 of 1st period - Stopped by Carey Price with a rebound. 1:40 of 1st period - Alex Goligoski is hit by Troy Terry and loses puck. 1:45 of 1st period - Shot by Martin Necas. 1:45 of 1st period - Shot Hit the Post. 2:25 of 1st period - Shot by Mattias Janmark-Nylen. 2:25 of 1st period - Stopped by Anthony Stolarz without a rebound. 2:26 of 1st period - Brett Howden wins face-off versus Dylan Cozens in SALEM BLACK JAYS zone. 2:27 of 1st period - Shot by Carl Grundstrom. 2:27 of 1st period - Shot Misses the Net. 3:29 of 1st period - Icing by Gustav Forsling. 3:30 of 1st period - Theodor Blueger wins face-off versus Jack Drury in CALGARY FIREMEN zone. 3:39 of 1st period - Shot by Theodor Blueger. 3:39 of 1st period - Shot Blocked by Gustav Forsling. 3:41 of 1st period - Shot by Theodor Blueger. 3:41 of 1st period - Shot Misses the Net. 3:43 of 1st period - Shot by Theodor Blueger. 3:43 of 1st period - Stopped by Carey Price without a rebound. 3:44 of 1st period - Troy Terry wins face-off versus Adam Henrique in CALGARY FIREMEN zone. 4:20 of 1st period - Shot by Martin Necas. 4:20 of 1st period - Shot Blocked by Andreas Athanasiou. 4:24 of 1st period - Shot by Evgeny Dadonov. 4:24 of 1st period - Stopped by Carey Price without a rebound. 4:25 of 1st period - Ryan Johansen wins face-off versus Mathew Barzal in CALGARY FIREMEN zone. 5:01 of 1st period - Mitchell Marner is hit by Justin Braun and loses puck. 5:12 of 1st period - Filip Forsberg is hit by Mitchell Marner and loses puck. 5:49 of 1st period - Oskar Lindblom is hit by Michael Del Zotto and loses puck. 6:11 of 1st period - Off-side. 6:12 of 1st period - Adam Henrique wins face-off versus Theodor Blueger in neutral zone. 6:17 of 1st period - Shot by Troy Terry. 6:17 of 1st period - Deflect By Theodor Blueger. 6:17 of 1st period - Shot Misses the Net. 6:22 of 1st period - Troy Terry is hit by Alex Goligoski and loses puck. 6:38 of 1st period - Minor Penalty to Alex Goligoski for Roughing. 6:39 of 1st period - Martin Necas wins face-off versus Brett Howden in CALGARY FIREMEN zone. 6:42 of 1st period - Shot by Evgeny Dadonov. 6:42 of 1st period - Shot Misses the Net. 7:12 of 1st period - Icing by Nick Jensen. 7:13 of 1st period - Jack Drury wins face-off versus Evgeny Dadonov in SALEM BLACK JAYS zone. 8:28 of 1st period - Off-side. 8:29 of 1st period - Mathew Barzal wins face-off versus Brett Howden in neutral zone. 8:50 of 1st period - Daniel Sprong is hit by Sonny Milano and loses puck. 9:33 of 1st period - Shot by Mitchell Marner. 9:33 of 1st period - Shot Misses the Net. 9:47 of 1st period - Shot by Mitchell Marner. 9:47 of 1st period - Stopped by Carey Price without a rebound. 9:48 of 1st period - Ryan Johansen wins face-off versus Theodor Blueger in CALGARY FIREMEN zone. 9:48 of 1st period - Filip Forsberg is hit by Brian Boyle. 9:51 of 1st period - Ryan Johansen is hit by Michael Del Zotto and loses puck. 10:00 of 1st period - Shot by Ryan Johansen. 10:00 of 1st period - Stopped by Anthony Stolarz without a rebound. 10:01 of 1st period - Jack Drury wins face-off versus Troy Terry in SALEM BLACK JAYS zone. 10:23 of 1st period - Off-side. 10:24 of 1st period - Mathew Barzal wins face-off versus Ryan Johansen in neutral zone. 11:08 of 1st period - Shot by Filip Forsberg. 11:08 of 1st period - Stopped by Anthony Stolarz without a rebound. 11:09 of 1st period - Jack Drury wins face-off versus Theodor Blueger in SALEM BLACK JAYS zone. 11:10 of 1st period - Shot by Mattias Janmark-Nylen. 11:10 of 1st period - Shot Misses the Net. 11:14 of 1st period - Shot by Mattias Janmark-Nylen. 11:14 of 1st period - Shot Misses the Net. 11:26 of 1st period - Nick Jensen is hit by Jack Drury and loses puck. 12:56 of 1st period - Shot by Ryan Johansen. 12:56 of 1st period - Shot Blocked by Joshua Morrissey. 13:13 of 1st period - Shot by Ryan Johansen. 13:13 of 1st period - Shot Blocked by Joshua Morrissey. 13:15 of 1st period - Shot by Filip Forsberg. 13:15 of 1st period - Stopped by Anthony Stolarz without a rebound. 13:16 of 1st period - Mathew Barzal wins face-off versus Andreas Athanasiou in SALEM BLACK JAYS zone. 13:37 of 1st period - Shot by Sonny Milano. 13:37 of 1st period - Stopped by Anthony Stolarz without a rebound. 13:38 of 1st period - Jack Drury wins face-off versus Dylan Cozens in SALEM BLACK JAYS zone. 13:38 of 1st period - Jack Drury is hit by Urho Vaakanainen. 13:50 of 1st period - Icing by Alex Goligoski. 13:51 of 1st period - Jack Drury wins face-off versus Mathew Barzal in CALGARY FIREMEN zone. 13:57 of 1st period - Icing by Scott Mayfield. 13:58 of 1st period - Ryan Johansen wins face-off versus Mathew Barzal in SALEM BLACK JAYS zone. 14:02 of 1st period - Icing by Scott Mayfield. 14:03 of 1st period - Ryan Johansen wins face-off versus Mathew Barzal in SALEM BLACK JAYS zone. 14:06 of 1st period - Shot by Ryan Johansen. 14:06 of 1st period - Stopped by Anthony Stolarz with a rebound. 14:13 of 1st period - Mitchell Marner is hit by Jake McCabe and loses puck. 14:18 of 1st period - Shot by Mikko Rantanen. 14:18 of 1st period - Shot Hit the Post. 14:38 of 1st period - Shot by Mikko Rantanen. 14:38 of 1st period - Shot Blocked by Jake McCabe. 15:05 of 1st period - Icing by Urho Vaakanainen. 15:06 of 1st period - Adam Henrique wins face-off versus Dylan Cozens in SALEM BLACK JAYS zone. 15:17 of 1st period - Shot by Sonny Milano. 15:17 of 1st period - Shot Misses the Net. 15:23 of 1st period - Shot by Sonny Milano. 15:23 of 1st period - Stopped by Anthony Stolarz without a rebound. 15:24 of 1st period - Jack Drury wins face-off versus Troy Terry in SALEM BLACK JAYS zone. 15:31 of 1st period - Shot by Oskar Lindblom. 15:31 of 1st period - Shot Misses the Net. 15:33 of 1st period - Shot by Mattias Janmark-Nylen. 15:33 of 1st period - Shot Blocked by Nick Jensen. 15:47 of 1st period - Shot by Oskar Lindblom. 15:47 of 1st period - Shot Misses the Net. 15:51 of 1st period - Shot by Oskar Lindblom. 15:51 of 1st period - Shot Misses the Net. 16:00 of 1st period - Shot by Oskar Lindblom. 16:00 of 1st period - Goal by Oskar Lindblom - CALGARY FIREMEN : 1 - SALEM BLACK JAYS : 0. 16:01 of 1st period - Adam Henrique wins face-off versus Mathew Barzal in neutral zone. 16:25 of 1st period - Shot by Adam Henrique. 16:25 of 1st period - Shot Misses the Net. 16:27 of 1st period - Shot by Adam Henrique. 16:27 of 1st period - Shot Misses the Net. 16:42 of 1st period - Icing by Cody Ceci. 16:43 of 1st period - Ryan Johansen wins face-off versus Mathew Barzal in SALEM BLACK JAYS zone. 17:29 of 1st period - Ryan Johansen is hit by Nick Jensen and loses puck. 18:19 of 1st period - Shot by Dylan Cozens. 18:19 of 1st period - Stopped by Carey Price without a rebound. 18:20 of 1st period - Dylan Coz